 Dungeon Crawl Stone Soup version 0.24.0-123-gd5b16e6ec5 (webtiles) character file.

Game seed: 9539666544031840694, levelgen mode: deterministic

17 greprep the Firebug (level 2, 0/15 HPs)
             Began as a Deep Elf Fire Elementalist on Dec 14, 2019.
             Slain by a scorpion (1 damage)
             ... on level 1 of the Dungeon on Jan 3, 2020.
             The game lasted 00:03:28 (539 turns).

greprep the Firebug (Deep Elf Fire Elementalist)     Turns: 539, Time: 00:03:28

Health: 0/15       AC:  2    Str:  5    XL:     2   Next: 44%
Magic:  8/8        EV: 13    Int: 19    God:
Gold:   37         SH:  0    Dex: 15    Spells: 6/7 levels left

rFire    . . .     SeeInvis .   (no weapon)
rCold    . . .     Gourm    .   (no shield)
rNeg     . . .     Faith    .   a - +0 robe
rPois    .         Spirit   .   (no helmet)
rElec    .         Reflect  .   (no cloak)
rCorr    .         Harm     .   (no gloves)
MR       .....                  (no boots)
Stlth    ++........             (no amulet)
HPRegen  0.05/turn              (no ring)
MPRegen  0.11/turn              (no ring)

@: no status effects
A: no striking features
a: no special abilities


You were on level 1 of the Dungeon.
You were not hungry.

You visited 1 branch of the dungeon, and saw 2 of its levels.

You collected 37 gold pieces.

Inventory:

Armour
 a - a +0 robe (worn)
Scrolls
 b - a scroll of identify {unknown}
 d - a scroll of enchant armour {unknown}
Comestibles
 c - 7 rations


   Skills:
 + Level 2.5 Dodging
 + Level 2.4 Stealth
 + Level 3.4 Spellcasting
 + Level 1.5 Conjurations
 + Level 3.8 Fire Magic


You had 6 spell levels left.
You knew the following spells:

 Your Spells              Type           Power        Failure   Level  Hunger
a - Flame Tongue          Conj/Fire      ##...        4%          1    None

Your spell library contained the following spells:

 Spells                   Type           Power        Failure   Level  Hunger
 Throw Flame              Conj/Fire      ##....       8%          2    ##.....
 Conjure Flame            Conj/Fire      ##......     14%         3    ###....
 Inner Flame              Hex/Fire       ##......     21%         3    ###....
 Sticky Flame             Conj/Fire      ##......     43%         4    ####...
 Fireball                 Conj/Fire      ##........   80%         5    ######.


Dungeon Overview and Level Annotations

Branches:
Dungeon (2/15)

Altars:


Message History

There is a stone staircase leading up here.
Okay, then.
Quiver which item? (- for none, * to show all) (? for menu, Esc to quit)
Okay, then.
Are you sure you want to abandon this character and quit the game? (Confirm with "yes".)
Okay, then.
Saving game... please wait.
Welcome back, greprep the Deep Elf Fire Elementalist.
Press ? for a list of commands and other information.
The jackal closely misses you. The scorpion stings you!
Ouch! That really hurt!
* * * LOW HITPOINT WARNING * * *
You climb upwards.
There is a stone staircase leading down here.
It was a potion of magic.
Magic courses through your body. The jackal misses you.
The scorpion stings you.
* * * LOW HITPOINT WARNING * * *
The jackal bites you but does no damage.
You closely miss the jackal. The scorpion stings you.
You die...

##>##.....'......# #....
##<##.....'..##### #.>..
.#'#...8..#..################....
.....8...##..........†...........
.......####..###################.
##+########..# #. .............#
#. ..†..........##### ##.
.........#.....s@# ###..
......##.#..####h# ###....
.......#.#..# #.# #......
....#....#..# #.# #####.#.###
.....#...#..## #.######.....#.#
####....##...###.##.....###...#
#...........................###
#.....)......####..##########
...........#.###..##


You could see a scorpion and a jackal.

Vanquished Creatures
  2 dart slugs
  A leopard gecko (D:1)
  A giant cockroach (D:1)
  A goblin (D:1)
  A hobgoblin (D:1)
  3 jackals (D:1)
  A bat (D:1)
  A frilled lizard (D:1)
11 creatures vanquished.

Notes
Turn   | Place    | Note
-------+----------+-------------------------------------------
     0 | D:1      | greprep the Deep Elf Fire Elementalist began the quest for
                  | the Orb.
     0 | D:1      | Reached XP level 1. HP: 10/10 MP: 6/6
    59 | D:1      | You fall into a shaft and drop 1 floor!
   352 | D:1      | Reached XP level 2. HP: 15/15 MP: 5/8
   463 | D:2      | Noticed a scorpion
   536 | D:2      | Upgraded the game from 0.24.0-41-g2ae2f7f1be to
                  | 0.24.0-123-gd5b16e6ec5
   539 | D:1      | Slain by a scorpion

Levels and vault maps discovered:
D:1:      dpeg_arrival_refuge, layout_rooms
D:2:      layout_rooms, nicolae_overflow_hidden_temple,
          gammafunk_temple_overflow_forgotten

Action                   || total
-------------------------++-------
Melee: Unarmed           ||     1
 Cast: Flame Tongue      ||    20
  Use: Potion            ||     1
Armor: Robe              ||     5
Dodge: Dodged            ||    14
